 Dungeon Crawl Stone Soup version 0.29.0-4-gdea44cf6ec (webtiles) character file.

Game seed: 11878465244553133081

109 qw the Chopper (level 4, -4/26 HPs)
             Began as a Tengu Warper on Aug 28, 2022.
             Slain by Grinder (5 damage)
             ... on level 3 of the Dungeon.
             The game lasted 00:00:15 (2516 turns).

qw the Chopper (Tengu Warper)                       Turns: 2516, Time: 00:00:15

Health: -4/26      AC:  6    Str: 13    XL:     4   Next: 90%
Magic:  8/8        EV:  7    Int: 18    God:
Gold:   104        SH: 10    Dex: 13    Spells: 7/7 levels left

rFire   . . .      SeeInvis .   Y - +0 hand axe
rCold   . . .      Faith    .   a - +2 kite shield of Hadonae {Int+4}
rNeg    . . .      Spirit   .   f - +0 scale mail
rPois   .          Reflect  .   (helmet restricted)
rElec   .          Harm     .   (no cloak)
rCorr   .          Rampage  .   (no gloves)
Will    .....                   (boots unavailable)
Stlth   ..........              (no amulet)
HPRegen 0.08/turn               (no ring)
MPRegen 0.11/turn               (no ring)

@: no status effects
A: beak, talons 3
a: no special abilities


You were on level 3 of the Dungeon.
You visited 1 branch of the dungeon, and saw 3 of its levels.

You collected 104 gold pieces.


Innate Abilities, Weirdness & Mutations

You have a beak for a mouth.
You have claws for feet.


   Skills:
 - Level 2.0 Fighting
 + Level 4.0 Axes
 - Level 1.0 Throwing
 - Level 1.1 Armour
 - Level 2.1 Dodging
 - Level 3.0 Shields
 - Level 2.0 Spellcasting
 - Level 2.4 Translocations


You had 7 spell levels left.
You didn't know any spells.
Your spell library contained the following spells:

 Spells                   Type           Power      Damage    Failure   Level
 Blink                    Tloc           20%        N/A       83%         2
 Gell's Gravitas          Tloc           10%        N/A       97%         3
 Lesser Beckoning         Tloc           10%        N/A       97%         3
 Teleport Other           Tloc           10%        N/A       97%         3
 Manifold Assault         Tloc           10%        N/A       100%        5

Inventory:

Hand Weapons
 d - a +0 club
 Y - a +0 hand axe (weapon)
Armour
 a - the +2 kite shield of Hadonae (worn) {Int+4}
   (You acquired it on level 1 of the Dungeon)

   Int:       It affects your intelligence (+4).
 f - a +0 scale mail (worn)
Potions
 b - a potion of attraction {unknown}
 c - a potion of degeneration {unknown}
 e - a potion of brilliance {unknown}
 g - a potion of mutation {unknown}
 j - a potion of curing {unknown}

Dungeon Overview and Level Annotations

Branches:
Dungeon (2/15)

Altars:

Shops:
D:1 [

Annotations:
D:3 Grinder


Message History

Grinder gestures at you. Pain shoots through your body!
You barely miss Grinder.
Grinder is lightly wounded.
You block Grinder's attack.
Grinder blinks!
2494 ||| Stepping ~*~*~tactically~*~*~ (hiding).
You start resting.
Grinder is nearby!
You barely miss Grinder. You claw Grinder, but do no damage.
Grinder is lightly wounded.
Grinder barely misses you.
You completely miss Grinder. You claw Grinder, but do no damage.
Your peck misses Grinder.
Grinder is lightly wounded.
Grinder blinks!
2502 ||| Stepping ~*~*~tactically~*~*~ (hiding).
You start resting.
Grinder is nearby!
2505 ||| Stepping ~*~*~tactically~*~*~ (hiding).
You start resting.
Grinder is nearby!
Grinder barely misses you.
You hit Grinder.
Grinder is lightly wounded.
Grinder blinks!
You start resting.
Grinder is nearby!
You hit Grinder. Your peck misses Grinder.
Grinder is moderately wounded.
Grinder barely misses you. Grinder hits you!
You writhe in agony.
You barely miss Grinder.
Grinder is moderately wounded.
Grinder hits you.
You writhe in agony.
You hit Grinder. Your kick misses Grinder.
Grinder is moderately wounded.
You block Grinder's attack.
You barely miss Grinder. You claw Grinder.
Grinder is heavily wounded.
Grinder closely misses you. Grinder hits you.
You die...

#........#. #.........
##########.......# #
#...............# ..
#........#.....# ...
#........#.....# ....
#..............# .....
#.........##..##.....(
#........####.@5......
#........####.##......
###...........# .....
#.##........# ....
##.##......... ...
####..##.......... .>
#.....##........)#. .
#.....##............
#.....)..######.## ..


You could see Grinder.

Vanquished Creatures
  A howler monkey zombie (D:2)
  Robin (D:2)
  2 adder skeletons (D:2)
  2 adder zombies (D:2)
  3 dart slugs
  6 endoplasms
  4 giant cockroaches
  19 goblins
  4 hobgoblins (D:1)
  4 kobolds
  A quokka (D:2)
  5 ball pythons
  3 bats
  A quokka skeleton (D:2)
  6 rats
62 creatures vanquished.

Vanquished Creatures (others)
  A withered plant (D:2)
1 creature vanquished.

Grand Total: 63 creatures vanquished

Notes
Turn   | Place    | Note
-------+----------+-------------------------------------------
     0 | D:1      | qw the Tengu Warper began the quest for the Orb.
     0 | D:1      | Reached XP level 1. HP: 12/12 MP: 4/4
     0 | D:1      | 0 ||| qw: Version: 0.1-a-89-g26bdef1
     0 | D:1      | 0 ||| qw: Game counter: 793
     0 | D:1      | 0 ||| qw: Always use a shield: true
     0 | D:1      | 0 ||| qw: God list: Okawaru
     0 | D:1      | 0 ||| qw: Allow faded altars: false
     0 | D:1      | 0 ||| qw: Do Orc after D:15 true
     0 | D:1      | 0 ||| qw: Do second Lair branch before Depths: true
     0 | D:1      | 0 ||| qw: Lair rune preference: random
     0 | D:1      | 0 ||| qw: Plans: Normal
     0 | D:1      | 0 ||| PLANNING D:1-11
    70 | D:1      | 70 ||| Stepping ~*~*~tactically~*~*~ (hiding).
    82 | D:1      | HP: 1/12 [dart slug/slug dart (3)]
   355 | D:1      | 355 ||| Stepping ~*~*~tactically~*~*~ (stealth).
   367 | D:1      | Reached skill level 3 in Axes
   367 | D:1      | Reached XP level 2. HP: 17/17 MP: 6/6
   370 | D:1      | 370 ||| Stepping ~*~*~tactically~*~*~ (stealth).
   371 | D:1      | 371 ||| Stepping ~*~*~tactically~*~*~ (stealth).
   372 | D:1      | 372 ||| Stepping ~*~*~tactically~*~*~ (stealth).
   373 | D:1      | 373 ||| Stepping ~*~*~tactically~*~*~ (stealth).
   471 | D:1      | 471 ||| Stepping ~*~*~tactically~*~*~ (stealth).
   472 | D:1      | 472 ||| Stepping ~*~*~tactically~*~*~ (stealth).
   488 | D:1      | 488 ||| Stepping ~*~*~tactically~*~*~ (stealth).
   605 | D:1      | 605 ||| Stepping ~*~*~tactically~*~*~ (stealth).
   628 | D:1      | 628 ||| Stepping ~*~*~tactically~*~*~ (stealth).
   780 | D:1      | Reached XP level 3. HP: 20/21 MP: 7/7
   936 | D:1      | Found a faded altar of an unknown god.
   976 | D:1      | Found Kiomidee's Antique Armour Shoppe.
   980 | D:1      | Reached skill level 4 in Axes
  1013 | D:1      | 1013 ||| SHOPLISTING buckler (112 gold, have 75).
  1013 | D:1      | 1013 ||| SHOPLISTING kite shield (112 gold, have 75).
  1013 | D:1      | 1013 ||| SHOPLISTING runed chain mail (187 gold, have 75).
  1013 | D:1      | 1013 ||| SHOPLISTING shiny chain mail (187 gold, have 75).
  1013 | D:1      | 1013 ||| SHOPLISTING translucent plate armour (700 gold,
                  | have 75).
  1321 | D:1      | 1321 ||| UPGRADING to +0 scale mail.
  1331 | D:1      | 1331 ||| DROPPING +0 leather armour.
  1332 | D:1      | 1332 ||| READING scroll labelled VANLYE UMIKOTAT.
  1332 | D:1      | Identified a scroll of acquirement
  1332 | D:1      | 1332 ||| ACQUIRING +2 kite shield of Hadonae {Int+4}
  1332 | D:1      | Acquired the +2 kite shield of Hadonae {Int+4}
  1334 | D:1      | 1334 ||| UPGRADING to +2 kite shield of Hadonae {Int+4}.
  1339 | D:1      | 1339 ||| READING scroll labelled XANOZX DUOFE.
  1342 | D:1      | 1342 ||| DROPPING scroll of blinking.
  1404 | D:2      | 1404 ||| Stepping ~*~*~tactically~*~*~ (stealth).
  1543 | D:2      | 1543 ||| FLEEEEING.
  1546 | D:2      | 1546 ||| STAIRDANCE
  1585 | D:1      | 1585 ||| DROPPING ring of flight.
  1589 | D:2      | 1589 ||| STAIRDANCE
  1632 | D:2      | Reached skill level 1 in Shields
  1671 | D:2      | 1671 ||| Stepping ~*~*~tactically~*~*~ (hiding).
  1677 | D:2      | Noticed Robin
  1678 | D:2      | 1678 ||| Stepping ~*~*~tactically~*~*~ (hiding).
  1682 | D:2      | Reached XP level 4. HP: 20/26 MP: 8/8
  1702 | D:2      | Killed Robin
  1772 | D:2      | 1772 ||| Stepping ~*~*~tactically~*~*~ (stealth).
  2224 | D:2      | 2224 ||| Stepping ~*~*~tactically~*~*~ (stealth).
  2442 | D:2      | You fall into a shaft and drop 1 floor!
  2449 | D:3      | 2449 ||| Stepping ~*~*~tactically~*~*~ (hiding).
  2452 | D:3      | 2452 ||| Stepping ~*~*~tactically~*~*~ (stealth).
  2468 | D:3      | Reached skill level 3 in Shields
  2487 | D:3      | Noticed Grinder
  2488 | D:3      | 2488 ||| Stepping ~*~*~tactically~*~*~ (hiding).
  2494 | D:3      | 2494 ||| Stepping ~*~*~tactically~*~*~ (hiding).
  2502 | D:3      | 2502 ||| Stepping ~*~*~tactically~*~*~ (hiding).
  2505 | D:3      | 2505 ||| Stepping ~*~*~tactically~*~*~ (hiding).
  2513 | D:3      | HP: 3/26 [Grinder (6)]
  2514 | D:3      | HP: 1/26 [Grinder (1)]
  2516 | D:3      | Slain by Grinder

Levels and vault maps discovered:
D:1:      ebering_trefoil_3fold, layout_loops_ring,
          hellmonk_ecumenical_altar_prayer_group, serial_shops, shop
D:2:      layout_basic, serial_undead, serial_undead_f, serial_undead_a,
          serial_undead_e, serial_undead_a, serial_undead_e, serial_undead_b,
          kennysheep_cross_room, hangedman_feature_mirror, uniq_robin
D:3:      layout_rooms, uniq_jessica, uniq_grinder

Skill      XL: |  1  2  3  4 |
---------------+-------------+-----
Axes           | 3 4 |  4.0
Shields        | 1 3 |  3.0
Fighting       | |  2.0
Throwing       | |  1.0
Armour         | |  1.1
Dodging        | |  2.1
Spellcasting   | |  2.0
Translocations | |  2.4

Action                   |  1- 3 |  4- 6 || total
-------------------------+-------+-------++-------
Melee: Hand axe          |    96 |    69 ||   165
       Kick              |    23 |    19 ||    42
       Peck              |    16 |     5 ||    21
Throw: Boomerang         |    31 |       ||    31
  Use: Scroll            |     2 |       ||     2
Armor: Leather armour    |     7 |       ||     7
       Scale mail        |    13 |    38 ||    51
Dodge: Dodged            |    30 |    20 ||    50
Block: Kite shield       |    13 |    45 ||    58

Table legend:
 A = Non-vault XP
 B = Vault XP
 C = Vault XP percentage of total XP
 D = Non-vault monster count
 E = Vault monster count
 F = Vault count percentage of total count
                 A         B        C        D         E       F
            +---------+---------+-------+---------+---------+-------
      Total |      65 |      92 |  58.6 |      35 |      27 |  43.5
            +---------+---------+-------+---------+---------+-------
        D:1 |      46 |       3 |   6.1 |      26 |       2 |   7.1
        D:2 |      12 |      89 |  88.1 |       6 |      25 |  80.6
        D:3 |       7 |       0 |   0.0 |       3 |       0 |   0.0
            +---------+---------+-------+---------+---------+-------
